 Dungeon Crawl Stone Soup version 0.31-a0-836-g3ceb0a68c4 (webtiles) character file.

Game seed: 8644571232055154029

3809 kae the Mimic (level 9, 0/78 HPs)
             Began as a Purple Draconian Shapeshifter on Sept 26, 2023.
             Was an Initiate of Qazlal.
             Killed from afar by a steam dragon (28 damage)
             ... with a ball of steam
             ... in a bailey.
             The game lasted 00:07:13 (7101 turns).

kae the Mimic (Purple Draconian Shapeshifter)       Turns: 7101, Time: 00:07:13

Health: 0/78       AC:  8    Str: 17    XL:     9   Next: 96%
Magic:  10/10      EV: 12    Int: 10    God:    Qazlal [......]
Gold:   559        SH:  0    Dex: 15    Spells: 8/8 levels left

rFire   . .          .
                       - Unarmed
rCold   . . .        (shield currently unavailable)
rNeg    . . .        (body armour unavailable)
rPois   .            (helmet restricted)
rElec   .            (no cloak)
rCorr   .            x - +0 pair of gloves
SInv    +            (no boots)
Will    +....        (no amulet)
Stlth   +            v - ring of see invisible
HPRegen 0.33/turn    L - ring of flight
MPRegen 0.12/turn

%: no passive effects
@: flux-form, flying, glowing
A: glow, contaminating, breathe power, AC +7, unfitting armour, cold-blooded
a: Breathe Dispelling Energy, Begin Untransformation, Renounce Religion


You were in a bailey.
You worshipped Qazlal.
Qazlal was noncommittal.
You were something dangerously unstable.
You visited 2 branches of the dungeon, and saw 8 of its levels.
You also visited: Sewer, Ossuary and Bailey.

You collected 559 gold pieces.


Innate Abilities, Weirdness & Mutations

You are something dangerously unstable.
You glow with magical radiation, making you easy to see and hit.
Foes you strike become dangerously contaminated with magical radiation.
You are incapable of wielding weapons or throwing items.
You can breathe bolts of dispelling energy.
Your rich purple scales are hard. (AC +7)
You cannot fit into any form of body armour.
You are cold-blooded and may be slowed by cold attacks.


   Skills:
 + Level 6.8 Fighting
 + Level 2.5 Dodging
 + Level 7.9 Unarmed Combat
 + Level 1.9 Invocations
 * Level 9.9 Shapeshifting


You had 8 spell levels left.
You didn't know any spells.
Your spell library contained the following spells:

 Spells                   Type           Power      Damage    Failure   Level
 Freeze                   Ice            0%         1d3       36%         1
 Lesser Beckoning         Tloc           0%         N/A       50%         2
 Call Canine Familiar     Summ           0%         N/A       75%         3
 Frozen Ramparts          Ice            0%         1d1       75%         3
 Gell's Gravitas          Tloc           0%         N/A       75%         3
 Hailstorm                Conj/Ice       0%         3d3       75%         3
 Ozocubu's Armour         Ice            0%         N/A       75%         3
 Sigil of Binding         Hex            0%         N/A       75%         3
 Teleport Other           Tloc           0%         N/A       75%         3
 Dimensional Bullseye     Hex/Tloc       0%         N/A       98%         4
 Leda's Liquefaction      Hex/Erth       0%         N/A       98%         4
 Ozocubu's Refrigeration  Ice            0%         4d7       100%        7

Inventory:

Missiles
 d - 58 stones
 i - 14 poisoned darts
 n - a throwing net {=f!f}
Armour
 x - a +0 pair of gloves (worn)
   (You found it on level 7 of the Dungeon)
Magical Staves
 s - a staff of death {!a}
   (You found it on level 4 of the Dungeon)
Jewellery
 v - a ring of see invisible (left hand)
   (You found it on level 3 of the Dungeon)
 F - a ring of fire
   (You found it on level 5 of the Dungeon)
 L - a ring of flight (right hand)
   (You found it on level 5 of the Dungeon)
Talismans
 b - a beast talisman
 c - a flux talisman (active)
Wands
 g - a wand of paralysis (21)
   (You took it off Ijyb on level 3 of the Dungeon)
 l - a wand of flame (16)
   (You took it off Terence on level 3 of the Dungeon)
Scrolls
 e - 2 scrolls of teleportation {@r4}
 k - a scroll of summoning
 o - 2 scrolls of revelation
 t - a scroll of poison {!r}
 w - a scroll of fog
Potions
 a - a potion of lignification {!q}
 f - a potion of degeneration {!q}
 h - 2 potions of brilliance
 j - a potion of invisibility
 m - 2 potions of magic {unknown}
 p - a potion of cancellation
 q - 3 potions of mutation {!q}
 r - a potion of haste {unknown}
 u - a potion of ambrosia

Dungeon Overview and Level Annotations

Branches:
Dungeon (7/15) Zot: 26905  Temple (1/1) D:6 Zot: 5963   Sewer (visited)
Ossuary (visited)          Bailey (1/1) Zot: 5623

Altars:
Cheibriados
Dithmenos
Elyvilon
Fedhas
Gozag
Hepliaklqana
Kikubaaqudgha
Makhleb
Nemelex Xobeh
Okawaru
Qazlal
Ru
Sif Muna
Trog
Uskayaw
Vehumet
Wu Jian
Xom
Yredelemnul
Zin
The Shining One

Shops:
D:4

[ ♣..# ##...##
♣..## #.....#
♣..###.....##
#..~~~..∩...#
#..~~~......#
#..~~~......#
#..~D~......#
♣..~~~§§∩...#
##..###..§§p##
##..## #.....#
##..## ##...##
♣##♣).## ##.##
.....## ###
....## #####


You could see a steam dragon (catching breath).


Message History

A spriggan is nearby!
The spriggan hits you from afar with a +0 trident.
A spriggan comes into view. It is wielding a +0 trident. 😕 HP[-4]
You take 4 damage, and now have 74/78 hp.
The spriggan attacks as it pursues you!
The spriggan hits you from afar with a +0 trident.
The spriggan closely misses you. 😕 HP[-2]
You take 2 damage, and now have 72/78 hp.
The spriggan attacks as it pursues you!
The spriggan hits you from afar with a +0 trident! 😕 HP[-7]
You take 7 damage, and now have 65/78 hp.
The spriggan attacks as it pursues you!
The spriggan hits you from afar with a +0 trident.
The spriggan hits you from afar with a +0 trident! 😮 HP[-11]
You take 11 damage, and now have 54/78 hp.
The spriggan hits you from afar with a +0 trident! 😮 HP[-12]
You take 12 damage, and now have 42/78 hp. 😮 HP[+1]
The spriggan attacks as it pursues you!
The spriggan hits you but does no damage.
The spriggan closely misses you.
You hit the spriggan.
The spriggan begins to glow.
Your tail-slap misses the spriggan.
The spriggan hits you with a +0 trident!
* * * LOW HITPOINT WARNING * * *
Unknown command. 😨 HP[-8]
You take 8 damage, and now have 35/78 hp.
You hit the spriggan.
The spriggan glows dangerously bright.
The spriggan barely misses you.
You punch the spriggan!
The spriggan shudders as magic cascades through it!!
You kill the spriggan!
Qazlal accepts your kill.
You see here a +0 trident. 😨 HP[+1]
You see here a +0 trident. 😨 HP[+1]
You start resting.
A spriggan is nearby! 😮 HP[+3]
You regained 3 hp, and now have 40/78 hp.
The spriggan shouts!
A spriggan is nearby!
The spriggan hits you from afar with a +0 trident!
* * * LOW HITPOINT WARNING * * *
😨 HP[-11]
You take 11 damage, and now have 29/78 hp.
The spriggan hits you but does no damage. 😨 HP[+1]
The spriggan barely misses you.
You see here a +0 trident.
You miss the spriggan.
The spriggan hits you with a +0 trident.
* * * LOW HITPOINT WARNING * * *
😨 HP[-3]
You take 3 damage, and now have 27/78 hp.
Unknown command.
You barely miss the spriggan. You hit the spriggan.
The spriggan begins to glow.
The spriggan completely misses you. 😨 HP[+1]
You hit the spriggan.
The spriggan glows dangerously bright.
You tail-slap the spriggan.
The spriggan hits you with a +0 trident!
* * * LOW HITPOINT WARNING * * *
😱 HP[-15]
You take 15 damage, and now have 13/78 hp.
You barely miss the spriggan.
Your tail-slap misses the spriggan.
The spriggan hits you with a +0 trident!
* * * LOW HITPOINT WARNING * * *
😱 HP[-7]
You take 7 damage, and now have 6/78 hp.
Unknown command.
You hit the spriggan but do no damage.
The spriggan shudders as magic cascades through it!
You kill the spriggan!
Qazlal accepts your kill. 😱 HP[+1] Unknown command. 😱 HP[+1]
Things that are here:
a +0 halberd; an ogre corpse
There is a gate leading back out of this place here. 😱 HP[+4]
You regained 4 hp, and now have 12/78 hp. 😱 HP[+1]
You start resting.
A steam dragon comes into view. 😨 HP[+15]
You regained 15 hp, and now have 28/78 hp.
The steam dragon hisses angrily.
The steam dragon breathes steam at you. The ball of steam hits you!!
You die...

Skill      XL: |  1  2  3  4  5  6  7  8  9 |
---------------+----------------------------+-----
Shapeshifting  | 4 5 6 7 8 9 |  9.9
Unarmed Combat | 4 5 6 7 |  7.9
Fighting       | 2 3 5 6 |  6.8
Dodging        | 2 |  2.5
Invocations    | 1 |  1.9

Action                     |  1- 3 |  4- 6 |  7- 9 || total
---------------------------+-------+-------+-------++-------
  Melee: Unarmed           |    89 |    94 |   504 ||   687
         Tailslap          |     8 |    16 |    91 ||   115
         Punch             |     1 |     1 |     1 ||     3
Ability: Breathe Dispellin |       |       |     1 ||     1
  Evoke: Wand              |       |     3 |       ||     3
    Use: Scroll            |     6 |       |    11 ||    17
         Potion            |       |       |     5 ||     5
   Stab: Paralysed         |       |    11 |       ||    11
 Armour: Skin              |    46 |    66 |   496 ||   608
  Dodge: Dodged            |    51 |    54 |   399 ||   504
   Form: Flux              |       |     1 |       ||     1

Levels and vault maps discovered:
D:1:      nicolae_arrival_somewhat_less_tricky_arrival, layout_loops_ring,
          minmay_misc_feat_secret_circle, hangedman_decor_lopped, minmay_cut_off
D:2:      layout_loops_cross, minmay_crystal_room
D:3:      layout_rooms, uniq_grinder, uniq_ijyb, uniq_terence
D:4:      layout_cave_pods, gup_sewer_entry_bowl, serial_shops,
          nicolae_shop_mannequins, uniq_sigmund, uniq_duvessa
D:5:      layout_rooms, lightli_ossuary_entry_decrepit_ruins,
          minmay_misc_feat_four_crosses, minmay_mini_ossuary
D:6:      layout_rooms, minmay_temple_entry_offerings, uniq_pikel
D:7:      layout_rooms, serial_co_window_serial, co_window_paths_a,
          co_window_paths_a, co_window_paths_a, co_window_paths_a,
          co_window_of_opportunity_a, co_window_corner_a, co_window_corner_a,
          co_window_paths_b, co_window_paths_a, co_window_broadway_b,
          co_window_corner_cb, co_window_corner_ca, co_window_paths_e,
          glass_columns_a, glass_columns_b, glass_columns_a, enter_bailey_5,
          hangedman_decor_peaks_small
Temple:   mainiacjoe_temple_hex_bubbles
Bailey:   bailey_polearm_enchanted_keep_hellmonk, bailey

Notes
Turn   | Place    | Note
-------+----------+-------------------------------------------
     0 | D:1      | kae the Draconian Shapeshifter began the quest for the Orb.
     0 | D:1      | Reached XP level 1. HP: 16/16 MP: 1/1
     0 | D:1      | magus.rc [v1.11.3]
   218 | D:1      | You pick up a book of the Hunter and begin reading...
   218 | D:1      | You add the spells Sigil of Binding, Call Canine Familiar,
                  | Dimensional Bullseye and Leda's Liquefaction to your
                  | library.
   240 | D:1      | Reached XP level 2. HP: 19/23 MP: 2/2
   242 | D:1      | You pick up a book of Frost and begin reading...
   242 | D:1      | You add the spells Freeze, Frozen Ramparts and Hailstorm to
                  | your library.
  1193 | D:1      | Reached XP level 3. HP: 22/28 MP: 3/3
  1260 | D:2      | Reached skill level 4 in Shapeshifting
  1706 | D:3      | Noticed Ijyb
  1707 | D:3      | Paralysed by Ijyb for 3 turns
  1822 | D:3      | Reached XP level 4. HP: 31/35 MP: 4/4
  1827 | D:3      | Paralysed by Ijyb for 4 turns
  1833 | D:3      | Paralysed by Ijyb for 4 turns
  1836 | D:3      | HP: 8/35 [orc/+0 hand axe (6)]
  1839 | D:3      | Killed Ijyb
  1840 | D:3      | HP: 3/35 [orc/+0 hand axe (2)]
  1996 | D:3      | Noticed Grinder
  1997 | D:3      | Paralysed by Grinder for 2 turns
  2206 | D:3      | Noticed Terence
  2224 | D:3      | Killed Terence
  2225 | D:3      | Reached skill level 4 in Unarmed Combat
  2336 | D:3      | You add the spells Ozocubu's Armour and Ozocubu's
                  | Refrigeration to your library.
  2362 | D:3      | Paralysed by Grinder for 5 turns
  2368 | D:3      | Killed Grinder
  2369 | D:3      | Reached skill level 5 in Shapeshifting
  2369 | D:3      | Reached XP level 5. HP: 13/40 MP: 5/5
  2369 | D:3      | Reached XP level 6. HP: 16/47 MP: 6/6
  2761 | D:4      | Noticed Sigmund
  2771 | D:4      | Killed Sigmund
  2772 | D:4      | Reached skill level 2 in Fighting
  2772 | D:4      | Reached skill level 5 in Unarmed Combat
  2772 | D:4      | Reached skill level 6 in Shapeshifting
  2772 | D:4      | Your scales start taking on a rich purple colour.
  2772 | D:4      | Reached XP level 7. HP: 28/55 MP: 7/7
  2877 | D:4      | Found a glowing drain.
  2881 | Sewer    | Entered a sewer
  3299 | Sewer    | HP: 13/52 [poisoned by an adder]
  3304 | Sewer    | HP: 14/84 [poisoned by an adder]
  3309 | Sewer    | HP: 7/84 [poisoned by an adder]
  3583 | Sewer    | Reached skill level 3 in Fighting
  3811 | D:4      | Noticed an animated storm dragon scales
  3824 | D:4      | Noticed an animated shadow dragon scales
  3825 | D:4      | Found Noywiore's Armour Shoppe.
  3905 | D:4      | Noticed Dowan
  3906 | D:4      | Noticed Duvessa
  3918 | D:4      | Killed Duvessa
  3928 | D:4      | Killed Dowan
  3929 | D:4      | Reached skill level 7 in Shapeshifting
  4460 | D:5      | Entered Level 5 of the Dungeon
  4502 | D:5      | Reached XP level 8. HP: 64/66 MP: 8/8
  4567 | D:5      | Reached skill level 6 in Unarmed Combat
  4642 | D:5      | Reached skill level 4 in Fighting
  4816 | D:5      | Found a sand-covered staircase.
  4823 | Ossuary  | Entered an ossuary
  4916 | Ossuary  | Reached skill level 8 in Shapeshifting
  5262 | D:5      | Reached skill level 5 in Fighting
  5799 | D:6      | Reached XP level 9. HP: 48/74 MP: 9/9
  5815 | D:6      | Reached skill level 7 in Unarmed Combat
  6001 | D:6      | Found a staircase to the Ecumenical Temple.
  6007 | D:6      | Reached skill level 9 in Shapeshifting
  6013 | D:6      | Noticed Pikel
  6043 | D:6      | Killed Pikel
  6044 | D:6      | Reached skill level 6 in Fighting
  6206 | D:6      | You pick up a book of Displacement and begin reading...
  6206 | D:6      | You add the spells Lesser Beckoning, Gell's Gravitas and
                  | Teleport Other to your library.
  6293 | Temple   | Entered the Ecumenical Temple
  6312 | Temple   | Became a worshipper of Qazlal Stormbringer
  6661 | D:7      | Found a flagged portal.
  6683 | D:7      | Reached skill level 2 in Dodging
  6707 | D:7      | Reached skill level 1 in Invocations
  6712 | D:7      | HP: 19/78 [gnoll/sling bullet (4)]
  6717 | D:7      | HP: 16/78 [gnoll/sling bullet (4)]
  6723 | Bailey   | Entered a bailey
  7033 | Bailey   | HP: 13/78 [spriggan/+0 trident (15)]
  7034 | Bailey   | HP: 6/78 [spriggan/+0 trident (7)]
  7101 | Bailey   | Killed from afar by a steam dragon

Vanquished Creatures
  Pikel (D:6)
  Grinder (D:3)
  Sigmund (D:4)
  2 spriggans (Bailey)
  2 water moccasins (D:7)
  Duvessa (D:4)
  A sky beast (D:6)
  4 black bears
  2 ogres
  A centaur (D:5)
  2 phantoms (D:6)
  3 bullfrogs
  3 scorpions (D:6)
  4 wights (D:5)
  Dowan (D:4)
  3 howler monkeys
  A human zombie (Ossuary)
  2 hounds
  A gnoll bouda (D:7)
  An orc priest (D:5)
  3 orc wizards
  A sleepcap (D:5)
  Ijyb (D:3)
  Terence (D:3)
  3 mummies
  6 river rats
  11 adders
  13 gnolls
  A shadow imp (D:6)
  An ufetubus (D:6)
  2 worms (D:4)
  A dart slug (D:4)
  13 orcs
  3 endoplasms
  3 giant cockroaches
  4 hobgoblins
  6 jackals
  5 kobolds
  3 quokkas
  15 ball pythons
  5 bats
  4 frilled lizards
  3 gnoll zombies (Ossuary)
  12 goblins
  5 goblin zombies (Ossuary)
  4 hobgoblin zombies (Ossuary)
  2 kobold zombies (D:5)
  3 orc zombies
  32 rats
203 creatures vanquished.

Table legend:
 A = Non-vault XP
 B = Vault XP
 C = Vault XP percentage of total XP
 D = Non-vault monster count
 E = Vault monster count
 F = Vault count percentage of total count
                 A         B        C        D         E       F
            +---------+---------+-------+---------+---------+-------
      Total |    2877 |    2565 |  47.1 |     111 |      92 |  45.3
            +---------+---------+-------+---------+---------+-------
        D:1 |      48 |       4 |   7.7 |      16 |       3 |  15.8
        D:2 |      37 |       0 |   0.0 |      14 |       0 |   0.0
        D:3 |      29 |     344 |  92.2 |      15 |       3 |  16.7
        D:4 |      74 |     466 |  86.3 |      14 |       6 |  30.0
        D:5 |     942 |      22 |   2.3 |      20 |       5 |  20.0
        D:6 |    1238 |     673 |  35.2 |      25 |       1 |   3.8
        D:7 |     509 |       8 |   1.5 |       7 |       4 |  36.4
      Sewer |       0 |     383 | 100.0 |       0 |      51 | 100.0
    Ossuary |       0 |      94 | 100.0 |       0 |      16 | 100.0
     Bailey |       0 |     571 | 100.0 |       0 |       3 | 100.0
            +---------+---------+-------+---------+---------+-------

Skill      XL: |  1  2  3  4  5  6  7  8  9 |
---------------+----------------------------+-----
Shapeshifting  | 4 5 6 7 8 9 |  9.9
Unarmed Combat | 4 5 6 7 |  7.9
Fighting       | 2 3 5 6 |  6.8
Dodging        | 2 |  2.5
Invocations    | 1 |  1.9

Action                     |  1- 3 |  4- 6 |  7- 9 || total
---------------------------+-------+-------+-------++-------
  Melee: Unarmed           |    89 |    94 |   504 ||   687
         Tailslap          |     8 |    16 |    91 ||   115
         Punch             |     1 |     1 |     1 ||     3
Ability: Breathe Dispellin |       |       |     1 ||     1
  Evoke: Wand              |       |     3 |       ||     3
    Use: Scroll            |     6 |       |    11 ||    17
         Potion            |       |       |     5 ||     5
   Stab: Paralysed         |       |    11 |       ||    11
 Armour: Skin              |    46 |    66 |   496 ||   608
  Dodge: Dodged            |    51 |    54 |   399 ||   504
   Form: Flux              |       |     1 |       ||     1

Illustrated notes

Table legend:
 A = Kills in this place as a percentage of kills in the entire game.
 B = Kills by you in this place as a percentage of kills by you in the entire game.
 C = Kills by friends in this place as a percentage of kills by friends in the entire game.
 D = Other kills in this place as a percentage of other kills in the entire game.
 E = Experience gained in this place as a percentage of experience gained in the entire game.
 F = Experience gained in this place divided by the number of levels of this place that you have seen.
                   A       B       C       D       E      F
               +-------+-------+-------+-------+-------+----------------------
         Total | 100.0 | 100.0 |   N/A |   N/A | 100.0 | 494.7
       Dungeon |  65.5 |  65.5 |   N/A |   N/A |  80.7 | 627.7
         Sewer |  25.1 |  25.1 |   N/A |   N/A |   7.0 | 383.0
       Ossuary |   7.9 |   7.9 |   N/A |   N/A |   1.7 |  94.0
        Bailey |   1.5 |   1.5 |   N/A |   N/A |  10.5 | 571.0
               +-------+-------+-------+-------+-------+----------------------

Table legend: (Time is in decaauts)
 A = Elapsed time spent in this place.
 B = Non-inter-level travel time spent in this place.
 C = Inter-level travel time spent in this place.
 D = Time resting spent in this place.
 E = Time spent auto-exploring this place.
 F = Levels seen in this place.
 G = Mean time per level.
                   A        B        C        D        E       F      G
               +--------+--------+--------+--------+--------+-----+--------+
         Total |   7090 |   6751 |    339 |   1080 |   4235 |  11 |  644.5 |
       Dungeon |   5544 |   5223 |    321 |    641 |   3564 |   7 |  792.0 |
        Temple |     36 |     19 |     17 |      0 |      0 |   1 |   36.0 |
         Sewer |    832 |    832 |      0 |    140 |    446 |   1 |  832.0 |
       Ossuary |    301 |    301 |      0 |      0 |    210 |   1 |  301.0 |
        Bailey |    375 |    375 |      0 |    299 |     15 |   1 |  375.0 |
               +--------+--------+--------+--------+--------+-----+--------+

Top non-repeatable levels by time:
     D:2: 1104 daAuts
     D:4: 1078 daAuts
     D:6: 1002 daAuts
     D:1: 873 daAuts
   Sewer: 832 daAuts
     D:5: 788 daAuts
     D:3: 601 daAuts
  Bailey: 375 daAuts
 Ossuary: 301 daAuts
     D:7: 94 daAuts
  Temple: 36 daAuts
